 Dungeon Crawl Stone Soup version 0.29-a0-721-g7f417c9bbb (webtiles) character file.

Game seed: 4087492914780047682

46 gobodom the Chopper (level 3, 0/21 HPs)
             Began as a Gargoyle Gladiator on June 28, 2022.
             Slain by Natasha (3 damage)
             ... on level 2 of the Dungeon.
             The game lasted 00:04:04 (1105 turns).

gobodom the Chopper (Gargoyle Gladiator)            Turns: 1105, Time: 00:04:05

Health: 0/21       AC: 10    Str: 23    XL:     3   Next: 66%
Magic:  3/3        EV: 11    Int:  8    God:
Gold:   34         SH:  0    Dex: 13    Spells: 2/2 levels left

rFire   . . .      SeeInvis .   a - +0 war axe
rCold   . . .      Faith    .   (no shield)
rNeg    + . .      Spirit   .   l - +0 scale mail
rPois   ∞          Reflect  .   c - +0 helmet
rElec   +          Harm     .   (no cloak)
rCorr   .          Rampage  .   (no gloves)
Will    .....                   (no boots)
Stlth   ..........              (no amulet)
HPRegen 0.07/turn               m - +6 ring of strength
MPRegen 0.08/turn               (no ring)

@: no status effects
A: sickness immunity, AC +3, negative energy resistance 1, electricity
resistance, torment resistance 1, petrification resistance
a: no special abilities


You were on level 2 of the Dungeon.
You visited 1 branch of the dungeon, and saw 2 of its levels.

You collected 34 gold pieces.

Inventory:

Hand Weapons
 a - a +0 war axe (weapon)
Missiles
 d - 3 throwing nets (quivered)
 e - a javelin
Armour
 c - a +0 helmet (worn)
 l - a +0 scale mail (worn)
Jewellery
 m - a +6 ring of strength (left hand)
Scrolls
 b - a scroll of blinking {unknown}
 f - a scroll of silence {unknown}
 g - 2 scrolls of teleportation {unknown}
 h - a scroll of enchant weapon {unknown}
 i - a scroll of identify {unknown}
 j - a scroll of noise {unknown}
 k - a scroll of enchant armour {unknown}


   Skills:
 + Level 2.3 Fighting
 + Level 3.5 Axes
 + Level 1.8 Throwing
 + Level 0.5 Armour
 + Level 2.8 Dodging
 + Level 0.5 Stealth


You had 2 spell levels left.
You didn't know any spells.
Your spell library was empty.

Dungeon Overview and Level Annotations

Branches:
Dungeon (2/15)

Altars:

Annotations:
D:2 Natasha, Robin


Innate Abilities, Weirdness & Mutations

You are immune to sickness and miasma.
Your stone body is resilient. (AC +3)
You are immune to poison.
You resist negative energy. (rN+)
You are resistant to electric shocks. (rElec)
You are resistant to unholy torment.
You are immune to petrification.


Message History

You completely miss the goblin.
The goblin is severely wounded.
The goblin closely misses you. The goblin hits you but does no damage.
You closely miss the goblin.
The goblin is severely wounded.
You hit the quokka but do no damage. The quokka barely misses you.
The goblin barely misses you. The quokka completely misses you.
You slash the goblin!
You kill the goblin!
You closely miss the quokka.
The quokka bites you but does no damage.
The quokka closely misses you.
You closely miss the kobold. You closely miss the quokka.
The kobold closely misses you. The quokka barely misses you.
The dart slug briefly extends its eye-stalks.
The kobold hits you but does no damage.
You closely miss the kobold. You slash the quokka!
You kill the quokka!
The kobold hits you but does no damage.
Natasha mumbles some strange words.
You feel troubled.
Natasha casts a spell.
You slash the kobold!
You kill the kobold!
You hit the dart slug.
The dart slug bites you but does no damage.
You hit Natasha.
Natasha is lightly wounded.
You slash the dart slug!
You kill the dart slug!
Natasha claws you but does no damage. Natasha misses you.
The crimson imp blinks!
You closely miss Natasha.
Natasha is lightly wounded.
Natasha claws you.
* * * LOW HITPOINT WARNING * * *
You slash Natasha!
Natasha is almost dead.
Natasha claws you.
You die...

#..###. .......
...$.
......##..#..
......#.....
............
#.##........ #####
#.##g5...#..
......#@#)g5# g...
......†h#)w##..#..
.......g))h†......
##########.##.....
#.# ##.. #.# #<#
###


You could see Robin and Natasha.

Vanquished Creatures
  3 dart slugs
  A ball python (D:1)
  6 endoplasms (D:1)
  6 hobgoblins
  A quokka (D:2)
  3 bats (D:1)
  A frilled lizard (D:1)
  11 goblins
  A kobold (D:2)
  4 rats (D:1)
37 creatures vanquished.

Notes
Turn   | Place    | Note
-------+----------+-------------------------------------------
     0 | D:1      | gobodom the Gargoyle Gladiator began the quest for the Orb.
     0 | D:1      | Reached XP level 1. HP: 12/12 MP: 1/1
   206 | D:1      | Reached XP level 2. HP: 17/17 MP: 2/2
   264 | D:1      | Reached skill level 3 in Axes
   634 | D:1      | Reached XP level 3. HP: 9/21 MP: 3/3
   876 | D:1      | Found a faded altar of an unknown god.
  1083 | D:2      | Noticed Robin
  1084 | D:2      | Noticed Natasha
  1105 | D:2      | Slain by Natasha

Illustrated notes

Levels and vault maps discovered:
D:1:      eino_arrival_water_star, layout_basic,
          chequers_ecumenical_altar_island
D:2:      layout_basic, uniq_terence, uniq_natasha, uniq_robin

Skill      XL: |  1  2 |
---------------+-------+-----
Axes           | 3 |  3.5
Fighting       | |  2.3
Throwing       | |  1.8
Armour         | |  0.5
Dodging        | |  2.8
Stealth        | |  0.5

Action                   || total
-------------------------++-------
Melee: War axe           ||    58
       Punch             ||     1
 Stab: Sleeping          ||     1
Armor: Leather armour    ||    11
       Scale mail        ||    32
Dodge: Dodged            ||    50

Table legend: (Time is in decaauts)
 A = Elapsed time spent in this place.
 B = Non-inter-level travel time spent in this place.
 C = Inter-level travel time spent in this place.
 D = Time resting spent in this place.
 E = Time spent auto-exploring this place.
 F = Levels seen in this place.
 G = Mean time per level.
                   A        B        C        D        E       F      G
               +--------+--------+--------+--------+--------+-----+--------+
         Total |   1128 |   1107 |     21 |    155 |    700 |   2 |  564.0 |
       Dungeon |   1128 |   1107 |     21 |    155 |    700 |   2 |  564.0 |
               +--------+--------+--------+--------+--------+-----+--------+

Top non-repeatable levels by time:
     D:1: 1096 daAuts
     D:2: 32 daAuts
